[Event "CCT Chesscom Classic-D2 2024"]
[Site "Online"]
[Date "2024.05.10"]
[Round "1"]
[White "Caruana, Fabiano"]
[Black "Hakobyan, Aram"]
[Result "1/2-1/2"]
[ECO "C50"]
[WhiteElo "2805"]
[BlackElo "2617"]
[Annotator "TA"]
[PlyCount "108"]
[EventDate "2024.05.08"]
[EventType "k.o."]
[EventCountry "NET"]
[SourceTitle "playchess.com"]
[Source "ChessBase"]
[SourceQuality "1"]
[TimeControl "600+2"]

1. e4 e5 2. Nf3 Nc6 3. Bc4 Bc5 4. O-O d6 5. c3 Bb6 6. Re1 h6 7. d3 Nge7 8. a4 O-O 9. Nbd2 Ng6 10. Bb3 (10. b4 $142 a6 11. Nf1) 10... Kh8 $11 11. Nc4 Na5 (11... f5 $11) 12. Nxb6 ({White should try} 12. Nxa5 $14 Bxa5 13. d4) 12... Nxb3 13. Qxb3 axb6 14. Be3 f5 15. exf5 Bxf5 16. d4 e4 ({Better is} 16... Bd7 $15 17. Nd2 Qh4) 17. Nd2 Qd7 18. a5 bxa5 $15 ({Much weaker is} 18... Rxa5 $6 19. Rxa5 bxa5 20. Qxb7 $11) 19. Qxb7 Nh4 $36 {[%emt 0:00:01][%mdl 2048] White is under pressure.} 20. Kh1 $1 Rab8 21. Qd5 Rxb2 {[%emt 0:00:08][%cal Oh4g2] [#] Hoping for ...Nxg2!} 22. Rg1 Rb5 23. Qa2 Bg6 (23... Ra8 $15 24. Qc2 Rbb8) 24. d5 (24. Qa4 $11 c6 25. c4) 24... Ra8 25. Qa4 {[%emt 0:00:28] Threatens to win with c4.} Bf5 $2 {[%emt 0:00:04] [#]} (25... Qe8 $17 {stays on course.} 26. c4 Rbb8 27. Qxe8+ Rxe8) 26. c4 $2 {[%emt 0:00:05] White is more active.} (26. g3 $1 $16) 26... Rbb8 27. Qc2 Re8 (27... a4 $15) 28. Qc3 $11 Kh7 29. Rxa5 Rxa5 30. Qxa5 Bg6 31. Nf1 Nf5 32. Ng3 Nxg3+ 33. hxg3 c6 {[%emt 0:00:29] Black is weak on the dark squares} 34. dxc6 Qxc6 {[%emt 0:00:02][%cal Oe8e5] Strongly threatening ...Re5!} 35. Rc1 Ra8 36. Qc3 Rc8 37. Bd4 Rc7 38. g4 Qd7 39. Qg3 Qe6 40. c5 Rc6 41. Qf4 dxc5 42. Bxc5 Qf6 43. Qe3 ({White should play} 43. Qxf6 $11 gxf6 44. Kh2) 43... Qg5 (43... Qh4+ $15 44. Kg1 Qxg4) 44. Qxg5 {[%emt 0:00:03] The position is equal.} hxg5 {[%emt 0:00:00][%mdl 4096] Endgame. KRB-KRB} 45. Kh2 Bf7 46. Kg3 Kg6 47. Rc3 Be6 48. f3 exf3 49. gxf3 Bf7 50. Bd4 Rxc3 51. Bxc3 Be6 52. Bxg7 Kxg7 53. f4 gxf4+ 54. Kxf4 Bxg4 {[%emt 0:00:00] Weighted Error Value: White=0.17 (very precise) /Black=0.19 (very precise) .  Mistake:       	White=6     	Black=6      Inaccurate:     	White=1     	---        OK:         	White=14    	Black=16     Best:        	White=3     	Black=3      Strong:       	White=1     	---} 1/2-1/2

[Event "CCT Chesscom Classic-D2 2024"]
[Site "Online"]
[Date "2024.05.10"]
[Round "1"]
[White "So, Wesley"]
[Black "Martinez Alcantara, Jose Eduardo"]
[Result "1/2-1/2"]
[ECO "E01"]
[WhiteElo "2757"]
[BlackElo "2612"]
[Annotator "TA RC"]
[PlyCount "83"]
[EventDate "2024.05.08"]
[EventType "k.o."]
[EventCountry "NET"]
[SourceTitle "playchess.com"]
[Source "ChessBase"]
[SourceQuality "1"]
[TimeControl "600+2"]

1. d4 Nf6 2. c4 e6 3. Nf3 d5 4. g3 h6 5. Bg2 Bd6 6. O-O {[%emt 0:00:06] E01: Catalan: Early deviations.} O-O 7. Qc2 Nbd7 8. Rd1 b6 9. Nc3 Bb7 10. cxd5 exd5 11. Nb5 $146 ({Predecessor:} 11. Nh4 Re8 12. Nf5 Bf8 13. Bf4 a6 14. Qb3 c6 15. Rac1 Re6 16. Bh3 Nh5 17. Bd2 {½-½ Dzhumagaliev,Y (2411)-Kozionov,K (2444) RUS-ch Rapid 2023 (10)}) 11... Ba6 12. Nxd6 cxd6 13. Re1 Re8 14. Be3 Ne4 15. Qa4 Bb7 16. Rac1 a6 17. Nd2 Ndf6 18. Nf1 Ng4 19. Bf3 Ngf6 20. Bg2 Ng4 $1 21. Bf3 Ngf6 $1 22. Rc2 b5 23. Qb3 Bc8 24. Bg2 Bf5 25. f3 Ng5 26. Rc3 Ne6 27. g4 Bg6 28. Ng3 Rc8 (28... Rb8 $14) 29. Rxc8 $16 Qxc8 30. Rc1 Qd8 (30... Qb7 $142) 31. h4 Qb6 32. Qc3 h5 {[%emt 0:00:15] [#]} (32... Qa7 $16 33. Kf2 Re7) 33. g5 $1 $18 Nd7 34. f4 b4 35. Qc6 Qa7 $2 (35... Nxg5 $2 36. fxg5 (36. Qxd7 Rxe3 37. Nf5 Rxe2 $16) 36... Qxc6 (36... Rxe3 $2 37. Qa8+ Kh7 38. Rc8 $18) 37. Rxc6 $18) (35... Nxf4 {is a better chance.} 36. Qxb6 (36. Qxd7 $2 Rxe3 37. Kh2 Kh7 $19) (36. Bxf4 Qxd4+ 37. e3 Rxe3 $11) 36... Nxe2+ 37. Nxe2 (37. Kf2 Nxb6 38. Kxe2 Nc4 $14) 37... Nxb6) 36. Qxd5 $18 Nc7 37. Qf3 (37. Qxd6 Nb5 38. Qd5 Rxe3 39. Rc8+ Nf8 $18) 37... Nb5 38. Bf2 (38. Nxh5 Nxd4 39. Kh1 (39. Kf2 Bxh5 40. Qxh5 Rxe3 $17) 39... Bxh5 40. Bxd4 Qxd4 $17) 38... f5 39. Qb7 Qxb7 40. Bxb7 Nb8 41. Bf3 Bf7 42. Nxf5 ({Don't play} 42. Bxh5 Bxh5 43. Nxh5 a5) 1/2-1/2

[Event "CCT Chesscom Classic-D2 2024"]
[Site "Online"]
[Date "2024.05.10"]
[Round "1"]
[White "Dominguez Perez, Leinier"]
[Black "Kollars, Dmitrij"]
[Result "0-1"]
[ECO "C55"]
[WhiteElo "2748"]
[BlackElo "2648"]
[Annotator "TA"]
[PlyCount "62"]
[EventDate "2024.05.08"]
[EventType "k.o."]
[EventCountry "NET"]
[SourceTitle "playchess.com"]
[Source "ChessBase"]
[SourceQuality "1"]
[TimeControl "600+2"]

1. e4 e5 2. Nf3 Nc6 3. Bc4 Nf6 4. d3 Be7 5. O-O O-O 6. a4 d5 7. exd5 Nxd5 8. a5 b6 9. axb6 Nxb6 10. Bb5 {[%emt 0:00:03] The position is equal.} Nb4 11. Bd2 (11. Nxe5 $2 Qd5 12. Re1 Qxb5 $19) 11... Bg4 12. Bxb4 Bxb4 13. Bc6 {[%emt 0:00:25] Dodges Qd5} Rb8 14. h3 (14. c3 $5 Be7 15. Nbd2 $14 (15. Rxa7 Qd6 $11)) 14... Bh5 15. g4 Qd6 16. gxh5 Qxc6 17. Nxe5 Qe6 18. Ng4 f5 19. Nh2 Bd6 20. Nc3 Nd5 (20... Nd7 $15) 21. Nxd5 $11 Qxd5 22. b3 Rb4 23. Nf3 {[%emt 0:00:03] Against Rh4} (23. c4 $11 {and White is okay.} Qe5 24. Nf3) 23... Rf4 $19 24. Kg2 {[%emt 0:00:04] [#]} (24. Nd2 {only move.}) 24... Rg4+ $2 (24... g5 $1 $19 {[%cal Rg5g4][%mdl 512] is more deadly. Hoping for ...g4.} 25. Ra4 g4 26. Rxf4 Bxf4) 25. hxg4 $4 {[%emt 0:00:07][%mdl 8192] Now White is beyond hope.} (25. Kh1 $17) 25... fxg4 26. Rg1 gxf3+ ({Weaker is} 26... Rxf3 27. c4 Qxh5 28. Rh1 $15) (26... Qxh5 $142 27. Kf1 gxf3 (27... Rxf3 $2 28. Qe2 $19)) 27. Kf1 Qxh5 {[%emt 0:00:03] White is weak on the dark squares} 28. Ra4 {[%emt 0:01:12][%cal Od1d2] [#] Repels Bb4} Re8 $1 {[%emt 0:00:17] ( -> ...Qh3+)} ({Less strong is} 28... Qh3+ 29. Ke1 $17) 29. Re4 {[%emt 0:00:04] Rxe8+ is the strong threat.} Rxe4 {[%emt 0:00:06] Black mates.} 30. dxe4 Qh3+ 31. Ke1 Bb4+ {[%emt 0:00:03] Weighted Error Value: White=0.70/Black=0.53.  Loses game:     	White=2     	---        Missed win:     	---       	Black=1      Mistake:       	White=1     	Black=1      Inaccurate:     	White=3     	Black=1      OK:         	White=6     	Black=8      Best:        	White=1     	Black=1} 0-1

[Event "CCT Chesscom Classic-D2 2024"]
[Site "Online"]
[Date "2024.05.10"]
[Round "1"]
[White "Vachier-Lagrave, Maxime"]
[Black "Van Foreest, Jorden"]
[Result "1/2-1/2"]
[ECO "C84"]
[WhiteElo "2732"]
[BlackElo "2665"]
[Annotator "TA"]
[PlyCount "139"]
[EventDate "2024.05.08"]
[EventType "k.o."]
[EventCountry "NET"]
[SourceTitle "playchess.com"]
[Source "ChessBase"]
[SourceQuality "1"]
[TimeControl "600+2"]

1. e4 e5 2. Nf3 Nc6 3. Bb5 a6 4. Ba4 Nf6 5. O-O Be7 6. d3 b5 7. Bb3 d6 8. a3 a5 9. c4 Bg4 10. Be3 bxc4 11. Bxc4 O-O 12. Nc3 Rb8 13. Qa4 Bxf3 14. Qxc6 Bg4 15. Nd5 Nxd5 16. Bxd5 Bd7 17. Qc3 c6 18. Ba2 c5 19. Rab1 Kh8 20. f4 exf4 21. Bxf4 Be6 22. Bxe6 fxe6 23. b3 Bf6 24. e5 dxe5 25. Bxe5 Bxe5 26. Rxf8+ Qxf8 27. Qxe5 Qd8 28. h3 a4 29. Qc3 Qb6 30. Qc4 axb3 31. Rb2 h6 32. a4 Qa7 33. Kh1 Qb6 34. Kg1 $1 e5 35. Kh2 $2 (35. a5 $17 Qxa5 36. Rxb3 Rxb3 37. Qxb3) 35... Qb4 (35... Qd6 $142 36. g3 Rb4) 36. a5 $2 (36. Qxb4 Rxb4 37. a5) 36... e4 (36... Qxa5 37. Rxb3 Rxb3 38. Qxb3 $15) (36... Qa3 $142 37. Qc3 e4) 37. a6 $19 {[%emt 0:00:07] [#]} Qa3 $1 38. Qxe4 Qxa6 $1 ({Weaker is} 38... Qxb2 39. a7 Rf8 40. a8=Q Rxa8 41. Qxa8+ Kh7 42. Qe4+ g6 43. Qb7+ Kh8 44. Qc8+ Kg7 45. Qd7+ Kf6 46. Qc6+ Kg7 47. Qxc5 $11) 39. Qe5 Qb6 40. h4 $2 (40. Qc3) 40... Qb4 41. g3 Qb5 42. Qd5 Qb6 43. Qe5 $2 (43. Kh3) 43... Qa7 44. Re2 $2 (44. Qd6) 44... Qb7 $19 45. Rb2 Qb4 $2 (45... Ra8 46. h5 Qf7) 46. Kh3 Qb7 $2 (46... Qb5 47. Kh2 Qb4) 47. Kh2 $1 $19 Qb6 48. Qd5 Qb5 (48... Qa7 $142 49. Kh3 Qa3) 49. Qe5 $2 (49. Qd6) 49... Rb6 $2 (49... Qb7 $19 50. Qe6 Qa8) 50. Qd5 (50. Rf2 $15 Rb8 (50... Qxd3 51. Rf8+ Kh7 52. Qe8 Qc2+ 53. Kh3) 51. Rb2) 50... Qb4 $17 51. h5 $2 (51. Kh3 $17 {is tougher.}) 51... Qd4 $2 (51... Rb8 $19 {Strongly threatening ...Qc3.} 52. Qe5 Rf8) 52. Qxd4 $11 cxd4 53. Kg2 Kg8 54. Kf3 Kf7 55. Ke4 Rb4 56. Kd5 Kf6 57. Kc5 Rb8 58. Kxd4 Kg5 59. Kc4 Kxh5 60. Rxb3 Rc8+ 61. Kd5 Kg4 62. d4 g5 63. Ke6 h5 64. d5 h4 65. gxh4 gxh4 66. d6 h3 67. Rxh3 Kxh3 68. d7 Rd8 69. Ke7 Rxd7+ 70. Kxd7 1/2-1/2

[Event "CCT Chesscom Classic-D2 2024"]
[Site "Online"]
[Date "2024.05.10"]
[Round "1"]
[White "Vachier-Lagrave, Maxime"]
[Black "Van Foreest, Jorden"]
[Result "1-0"]
[ECO "C84"]
[WhiteElo "2732"]
[BlackElo "2665"]
[Annotator "RC"]
[PlyCount "61"]
[EventDate "2024.05.08"]
[EventType "k.o."]
[EventCountry "NET"]
[SourceTitle "playchess.com"]
[Source "ChessBase"]
[SourceQuality "1"]
[TimeControl "600+2"]

1. e4 e5 2. Nf3 Nc6 3. Bb5 a6 4. Ba4 Nf6 5. O-O Be7 6. d3 b5 7. Bb3 d6 8. a3 a5 9. c4 Bg4 10. Be3 bxc4 11. Bxc4 O-O 12. Nc3 Nd4 13. Bxd4 exd4 14. Nb5 Nd7 15. Nbxd4 Bf6 16. Nc6 Qe8 17. Bd5 Nb8 18. Rc1 Ra6 19. Nxb8 Qxb8 20. b3 Bb2 21. Rc2 Bxa3 22. d4 c5 23. Bc4 Rb6 24. d5 Re8 25. Qd3 Bd7 26. Re2 Bb5 27. e5 dxe5 28. Ng5 g6 29. d6 Rxd6 30. Qf3 h5 31. Qxf7+ 1-0

[Event "CCT Chesscom Classic-D2 2024"]
[Site "Online"]
[Date "2024.05.10"]
[Round "1"]
[White "LevonAronian"]
[Black "Vidit, Santosh Gujrathi"]
[Result "1/2-1/2"]
[ECO "C54"]
[WhiteElo "2730"]
[BlackElo "2722"]
[Annotator "TA"]
[PlyCount "96"]
[EventDate "2024.05.08"]
[EventType "k.o."]
[EventCountry "NET"]
[SourceTitle "playchess.com"]
[Source "ChessBase"]
[SourceQuality "1"]
[TimeControl "600+2"]

1. e4 e5 2. Nf3 Nc6 3. Bc4 Bc5 4. d3 Nf6 5. h3 d6 6. c3 a6 7. a4 $1 {[%emt 0:00:12][%mdl 4] is now more promising than 7.Bb3. C54: Giuoco Piano: 4 c3 Nf6, main lines with 5 d4 and 5 d3.} Ba7 8. Nbd2 O-O 9. Bb3 Ne7 10. Nf1 Ng6 11. Ng3 h6 12. O-O Re8 13. Re1 Be6 14. d4 $146 ({Predecessor:} 14. Bc2 d5 15. exd5 Qxd5 16. Ne4 Nxe4 17. dxe4 Qxd1 18. Rxd1 Rad8 19. Be3 Bxe3 20. fxe3 {0-1 Kang,D (2019)-Espinosa Veloz,E (2485) Titled Tuesday intern op 21st July blitz 2020 (5)}) 14... Bxb3 15. Qxb3 Qd7 16. Be3 (16. Qxb7 $2 {is the wrong capture.} Bb6 17. d5 Ne7 $19) 16... exd4 17. Bxd4 Ne5 18. Nxe5 (18. Qxb7 $2 {too greedy.} Nxf3+ 19. gxf3 Bxd4 $19 (19... Reb8 $2 20. Qxa7 Rxa7 21. Bxa7 $19)) 18... dxe5 19. Bxa7 Rxa7 20. Qc4 (20. Nf5 {is more complex.} Qc6 21. f3 a5 22. Qb5) 20... g6 21. Rad1 Qe7 22. Nf1 Raa8 23. Nd2 a5 24. Qb5 b6 25. Qc6 Qe6 26. Qxe6 Rxe6 27. Nc4 Kf8 28. Ne3 Ree8 (28... Nxe4 29. Nd5 Rd6 30. Rxe4 $18) 29. f3 Ke7 30. Kf2 Red8 31. Ke2 Ke6 32. h4 Nh5 33. Nd5 Nf4+ 34. Nxf4+ exf4 35. Rd4 c5 36. Rxd8 Rxd8 37. b3 f6 38. Rb1 h5 39. b4 cxb4 40. cxb4 Rd4 41. bxa5 bxa5 42. Rb6+ Kf7 43. Rb7+ Kf8 44. Rb6 Kg7 45. Rb7+ Kg8 46. Rb6 Kf7 47. Rb7+ Kf8 48. Rb6 Kf7 1/2-1/2

[Event "CCT Chesscom Classic-D2 2024"]
[Site "Online"]
[Date "2024.05.10"]
[Round "1"]
[White "Vidit, Santosh Gujrathi"]
[Black "LevonAronian"]
[Result "0-1"]
[ECO "B87"]
[WhiteElo "2722"]
[BlackElo "2728"]
[Annotator "ChessBase"]
[PlyCount "134"]
[EventDate "2024.05.08"]
[EventType "k.o."]
[EventCountry "NET"]
[SourceTitle "playchess.com"]
[Source "ChessBase"]
[SourceQuality "1"]
[TimeControl "600+2"]

1. e4 c5 2. Nf3 d6 3. d4 cxd4 4. Nxd4 Nf6 5. Nc3 a6 6. Bc4 e6 7. Be3 Be7 8. Bb3 b5 9. a3 O-O 10. Qe2 Bb7 11. f3 Nbd7 12. g4 Rc8 13. O-O-O Rxc3 14. bxc3 Nb6 15. Kb1 Nfd7 16. h4 Ne5 17. h5 Nec4 18. Bc1 d5 19. h6 g6 20. Bxc4 Nxc4 21. exd5 exd5 22. Rde1 Bd6 23. f4 Qa5 24. Nb3 Qc7 25. Qf2 a5 26. Qd4 f6 27. Re6 a4 28. Rxf6 axb3 29. cxb3 Rxf6 30. Qxf6 d4 31. Re1 Ne3 32. Bxe3 dxe3 33. Rxe3 Bf8 34. Re8 Qf7 35. Qxf7+ Kxf7 36. Rb8 Be4+ 37. Kb2 Bd3 38. Rb7+ Be7 39. a4 bxa4 40. bxa4 g5 41. fxg5 Ke8 42. a5 Bxg5 43. Rb6 Kd7 44. a6 Be3 45. a7 Be4 46. Rb4 Bc6 47. Ra4 Ba8 48. Ra6 Kc7 49. Re6 Bg5 50. c4 Kb7 51. Rd6 Kc7 52. c5 Bf4 53. Re6 Bg5 54. Ka3 Kb7 55. Rd6 Kxa7 56. Rd7+ Ka6 57. Rxh7 Kb5 58. Ra7 Be4 59. h7 Bf6 60. g5 Bd4 61. Re7 Bg6 62. Rc7 Be5 63. Kb3 Bf5 64. Rf7 Be6+ 65. Kc2 Bxf7 66. Kd3 Bg6+ 67. Ke3 Kxc5 0-1

[Event "CCT Chesscom Classic-D2 2024"]
[Site "Online"]
[Date "2024.05.10"]
[Round "1"]
[White "Dubov, Daniil"]
[Black "Bluebaum, Matthias"]
[Result "1-0"]
[ECO "E04"]
[WhiteElo "2707"]
[BlackElo "2647"]
[Annotator "TA"]
[PlyCount "115"]
[EventDate "2024.05.08"]
[EventType "k.o."]
[EventCountry "NET"]
[SourceTitle "playchess.com"]
[Source "ChessBase"]
[SourceQuality "1"]
[TimeControl "600+2"]

1. d4 Nf6 2. Nf3 d5 3. c4 e6 4. g3 dxc4 5. Bg2 Nc6 6. Qa4 Bb4+ 7. Bd2 Nd5 8. Bxb4 Ndxb4 9. Nc3 a6 10. Ne5 {[%emt 0:02:09] White is slightly better.} O-O 11. Nxc6 Nxc6 12. Bxc6 (12. Qxc4 Qxd4 (12... Nxd4 $2 13. O-O-O $18) 13. Qb3 Qe5 $15) 12... bxc6 13. Qxc4 Rb8 14. O-O-O (14. Qxc6 $2 Bb7 (14... Qxd4 15. O-O $11) (14... Rxb2 15. O-O $11) 15. Qc5 Bxh1 $19) 14... e5 15. Qc5 (15. Qxc6 $2 Bb7 (15... exd4 16. Qc5 $14) 16. Qc4 Bxh1 17. Rxh1 Qxd4 (17... exd4 $2 18. Ne4 $19) 18. Qxd4 exd4 $19) 15... exd4 16. Rxd4 Qf6 17. Rf4 (17. f3 $142) 17... Qd6 $16 18. Qxd6 cxd6 19. Rd1 d5 20. h4 h6 21. e4 g5 {[%emt 0:02:56] [#]} ({Black should play} 21... Be6 $14) 22. Rf6 $1 gxh4 23. Rxh6 (23. Rxc6 hxg3 24. Nxd5 (24. fxg3 dxe4 25. Nxe4 Kg7 $14) 24... gxf2) (23. gxh4 $16 Kh7 24. Rxc6 (24. exd5 cxd5 25. Rxd5 Kg7 $16) 24... dxe4 25. h5 (25. Nxe4 Rb4 $16)) 23... hxg3 {[%emt 0:00:10] [#]} 24. Rg1 $1 f6 (24... Kg7 25. Rxc6 dxe4 26. Rxg3+ (26. fxg3 Rh8 $11) 26... Kh7 27. Nxe4 $14) (24... Rd8 $142) 25. Rxg3+ ({Of course not} 25. fxg3 $6 dxe4 26. Nxe4 Kg7 $11) 25... Kf7 26. exd5 cxd5 27. Nxd5 Ke6 28. Rh5 Bb7 29. Nf4+ Kd6 30. Rd3+ Kc6 31. Nd5 {[%emt 0:00:07] White is much more active.} Rbd8 32. Kd2 a5 (32... Rf7 $16 {was called for.} 33. Nb4+ Kc7 34. Rxd8 Kxd8) 33. Kc3 $18 Ba6 34. Ne7+ Kb6 35. Rdd5 Rfe8 36. Rhf5 Kc7 (36... Bb7 $142) 37. Rxd8 Kxd8 {[%emt 0:00:01][%mdl 4096] Endgame. KRB-KRN} 38. Nc6+ ({Don't take} 38. Rxa5 Bb7 $18) 38... Kc7 39. Nxa5 Re6 40. Nb3 Kb6 $2 (40... Bc8 41. Rf4 Kd8) 41. Nc5 Rc6 42. Kb4 Bc8 43. Na4+ Kc7 44. Rc5 Bd7 45. Nc3 Kd6 46. Nb5+ {[%emt 0:00:02] White mates.} Ke7 47. Rxc6 Bxc6 {[%emt 0:00:00] KB-KN} 48. Kc5 Be8 49. a4 Kd8 50. a5 Bh5 51. b4 Kd7 52. Kb6 Kc8 53. a6 Bf3 54. Nd4 Bd5 55. Ka7 Kc7 56. b5 Kd6 57. b6 Kc5 58. Nf5 {[%emt 0:00:01] Weighted Error Value: White=0.08 (flawless) /Black=0.44.  Mistake:       	White=2     	Black=6      OK:         	White=17    	Black=8      Best:        	White=2     	Black=3      Strong:       	White=2     	---} 1-0

[Event "CCT Chesscom Classic-D2 2024"]
[Site "Online"]
[Date "2024.05.10"]
[Round "1"]
[White "Esipenko, Andrey"]
[Black "Rakhmanov, Aleksandr"]
[Result "1-0"]
[ECO "A25"]
[WhiteElo "2704"]
[BlackElo "2614"]
[Annotator "TA"]
[PlyCount "101"]
[EventDate "2024.05.08"]
[EventType "k.o."]
[EventCountry "NET"]
[SourceTitle "playchess.com"]
[Source "ChessBase"]
[SourceQuality "1"]
[TimeControl "600+2"]

1. c4 e5 2. g3 Nc6 3. Bg2 Bc5 4. Nc3 d6 5. e3 h5 6. Nf3 Nf6 7. a3 a6 8. h3 Ba7 9. b4 Qe7 10. d3 Bd7 11. Bb2 Nd8 12. d4 exd4 13. Nxd4 Nc6 14. O-O Ne5 15. Nd5 Nxd5 16. cxd5 Nc4 17. Bc3 (17. Bc1 {is more appropriate.}) 17... Nxe3 $1 $11 18. fxe3 Qxe3+ 19. Kh2 $1 Qxc3 20. Qe2+ Kf8 (20... Kd8 $1 $15 21. Rxf7 Re8 (21... Qxa1 22. Qe7+ Kc8 23. Qxd7+ Kb8 24. Qxc7#) 22. Ne6+ Bxe6 23. dxe6 Qxa1) 21. Ne6+ (21. Rae1 $5 Re8 (21... Bxd4 22. Qe7+ Kg8 23. Qxf7+ Kh7 24. Be4+) 22. Ne6+ Kg8 23. Rf3 $18) 21... Kg8 22. Rac1 Qe3 $1 (22... Qxa3 $2 23. Rxc7 (23. Nxc7 Rf8 $11) 23... Be8 24. Rxb7 $18) 23. Qxe3 Bxe3 24. Rxc7 Be8 25. Re1 Bf2 26. Re2 fxe6 (26... Ba7 $11) 27. Rxf2 $16 e5 28. Rxb7 Rh6 29. Rb6 Bb5 30. Be4 Rf8 31. Rxf8+ Kxf8 32. a4 $1 Bxa4 33. Rxa6 Bb5 $2 (33... Bd7 $14) 34. Ra5 $1 $18 Bc4 35. b5 Rf6 {[%emt 0:00:01] [#]} 36. Kg2 $1 Bf1+ (36... Ke7 $142 37. b6 Rf8 38. Ra7+ Kf6) 37. Kg1 $18 Bxh3 $2 (37... Bxb5 38. Rxb5 g5) 38. Ra1 $2 (38. b6 $18 {is more deadly.} Rf1+ 39. Kh2) 38... Rf7 $16 {[%emt 0:00:09] [#]} 39. Ra8+ $1 Ke7 40. b6 Kf6 41. Rb8 (41. Rd8 $16 Bf5 42. b7 (42. Rxd6+ Kg5 $14) 42... Rxb7 43. Rf8+ (43. Rxd6+ $2 {loses.} Ke7 $19) 43... Ke7 44. Rxf5) 41... Kg5 42. Bd3 Kg4 43. b7 Kxg3 44. Ba6 $1 Rf2 $1 45. Rg8 Rg2+ 46. Kf1 $1 Ra2+ $2 (46... Rb2+ $1 $11 {and Black stays safe.} 47. Ke1 Rb1+ 48. Kd2 Bg2) 47. Ke1 $18 Ra1+ 48. Kd2 Ra2+ $2 (48... Rb1 49. b8=Q (49. b8=R Rxb8 50. Rxb8 Bg2 $18) 49... Rxb8 50. Rxb8 Bg2) 49. Kc1 $18 Ra1+ 50. Kb2 Rxa6 51. b8=Q (51. b8=R $2 Ra7 52. Rb3+ Kh4 $19) 1-0

[Event "CCT Chesscom Classic-D2 2024"]
[Site "Online"]
[Date "2024.05.10"]
[Round "1"]
[White "Sevian, Samuel"]
[Black "Oparin, Grigoriy"]
[Result "0-1"]
[ECO "C60"]
[WhiteElo "2699"]
[BlackElo "2676"]
[Annotator "TA"]
[PlyCount "124"]
[EventDate "2024.05.08"]
[EventType "k.o."]
[EventCountry "NET"]
[SourceTitle "playchess.com"]
[Source "ChessBase"]
[SourceQuality "1"]
[TimeControl "600+2"]

1. e4 e5 2. Nf3 Nc6 3. Bb5 a6 4. Ba4 Nge7 5. O-O Ng6 6. Bb3 Be7 7. d4 d6 8. h3 {[%emt 0:00:01] The position is equal.} O-O (8... exd4 {looks sharper.} 9. Nxd4 Nxd4 10. Qxd4 Bf6) 9. Nc3 Na5 10. Nd5 Nxb3 11. axb3 Be6 12. c4 f5 13. dxe5 dxe5 14. Re1 fxe4 15. Nxe7+ Qxe7 16. Ng5 Nf4 {[%emt 0:01:16] Inhibits Qh5.} 17. Bxf4 exf4 18. Nxe4 {[%emt 0:00:19] [#]} f3 $1 19. Qd2 (19. Qd4 Rad8) 19... fxg2 {[%emt 0:00:48] And now ...h6 would win.} 20. Ng5 Qd7 21. Rad1 Qxd2 (21... Rad8 $2 22. Qe2 Bf5 23. Rxd7 $18 (23. Kxg2 $2 Qc6+ 24. Kh2 Rxd1 $19)) 22. Rxd2 Bf5 23. Kxg2 Rae8 24. Rxe8 Rxe8 $15 {[%emt 0:00:01][%mdl 4096] Endgame. KRB-KRN} 25. Kg3 h6 26. Nf3 Kf7 27. Rd5 Kf6 28. Nd4 (28. b4 $15) 28... Be4 $17 29. Rc5 (29. Rd7 $17 {is the only way for White.}) 29... Re7 (29... c6 $19 {and Black stays clearly on top. ...g6 is the strong threat.} 30. f3 b6) 30. f3 b6 31. Rh5 Rd7 32. fxe4 Rxd4 {[%emt 0:00:01] KR-KR} 33. Rf5+ $1 Ke6 {[%emt 0:00:04] aiming for ...Rd3+.} 34. Kf4 g5+ $1 35. Ke3 Rd1 {[%emt 0:00:01] Strongly threatening ...Rh1.} 36. Rf8 $2 {[%emt 0:00:08] White does not recover from this.} (36. h4 $1 $15) 36... Rh1 $19 37. Re8+ Kd7 38. Rh8 Rxh3+ 39. Kd4 g4 (39... Rxb3 40. Rh7+ Kc8 41. Rxh6 $17) 40. Kd5 $2 (40. Rh7+ Kc6 41. e5) 40... Rd3+ (40... Rxb3 41. Rxh6 Rxb2 42. Rh7+ Kd8 43. Rg7 $19) (40... Rh5+ $142 41. Kd4 g3 42. Rh7+ Kd8) 41. Ke5 Rxb3 42. Rh7+ Kc6 43. Rxh6+ Kc5 44. Rh2 $2 {[%emt 0:00:03] [#]} (44. Rh7 {is a better chance.} c6 (44... Rxb2 45. Rxc7+ Kb4 46. Rc6 $15) 45. Rh2) 44... g3 $1 (44... Kxc4 $2 45. Rc2+ Kd3 46. Rg2 $19) 45. Rc2 Rf3 {[%emt 0:00:01] Threatens to win with ...Rf2.} 46. Ke6 Rf2 47. Rc3 g2 (47... Rxb2 48. Rxg3 Kxc4 49. e5 $17) 48. Rg3 Rxb2 49. e5 a5 {[%emt 0:00:02][%cal Oa5a4] ( -> ...a4!)} 50. Kd7 Rd2+ (50... Kxc4 51. e6 c5 52. e7 Rd2+ 53. Ke6 $19) 51. Kxc7 Re2 {[%emt 0:00:02] Black mates.} ({Worse is} 51... Kxc4 52. e6 $11) 52. Rg5 a4 53. e6+ Kxc4 54. Kd6 a3 55. e7 {[%emt 0:00:00] [#]} Rxe7 $3 56. Rg4+ Kb5 57. Rg5+ Ka6 58. Rxg2 Re3 59. Kd5 Kb5 60. Kd4 Rh3 61. Rg8 Kb4 62. Ra8 b5 {[%emt 0:00:01] Weighted Error Value: White=0.66/Black=0.07 (flawless) .  Loses game:     	White=1     	---        Mistake:       	White=4     	Black=2      Inaccurate:     	White=2     	---        OK:         	White=11    	Black=19     Best:        	White=5     	Black=6      Strong:       	White=1     	Black=2} 0-1

[Event "CCT Chesscom Classic-D2 2024"]
[Site "Online"]
[Date "2024.05.10"]
[Round "1"]
[White "Sevian, Samuel"]
[Black "Oparin, Grigoriy"]
[Result "1-0"]
[ECO "C55"]
[WhiteElo "2699"]
[BlackElo "2676"]
[Annotator "RC"]
[PlyCount "75"]
[EventDate "2024.05.08"]
[EventType "k.o."]
[EventCountry "NET"]
[SourceTitle "playchess.com"]
[Source "ChessBase"]
[SourceQuality "1"]
[TimeControl "600+2"]

1. e4 e5 2. Nf3 Nc6 3. Bc4 Nf6 4. d3 Be7 5. Nc3 O-O 6. a4 d6 7. Be3 Nb4 8. Bb3 c5 9. Ne2 h6 10. Ng3 a6 11. O-O Re8 12. c3 Nc6 13. Nh4 Bf8 14. Ng6 Be6 15. Nxf8 Rxf8 16. h3 Qb6 17. Bc2 d5 18. f4 d4 19. Bf2 exf4 20. Ne2 Rad8 21. Nxf4 dxc3 22. bxc3 Nxe4 23. Qe1 Nxf2 24. Qxf2 Ne5 25. Rab1 Qc7 26. d4 cxd4 27. cxd4 Nc6 28. Rbd1 Nb4 29. Bb1 Bc4 30. Rfe1 Qd6 31. Nh5 Rfe8 32. Rxe8+ Rxe8 33. Qf5 g6 34. Nf6+ Kf8 35. Nxe8 Qc6 36. Qc5+ Qxc5 37. dxc5 Kxe8 38. Rd4 1-0